 Dungeon Crawl Stone Soup version 0.27-a0-1149-g4505690ab0 (webtiles) character file.

Game seed: 7728457114212188856

2725 st0uf the Cruncher (level 9, -5/75 HPs)
             Began as a Purple Draconian Gladiator on May 12, 2021.
             Was an Initiate of Okawaru.
             Slain by a two-headed ogre
             ... wielding a +0 giant club
              (19 damage)
             ... on level 8 of the Dungeon.
             The game lasted 00:32:12 (9889 turns).

st0uf the Cruncher (Purple Draconian Gladiator)     Turns: 9889, Time: 00:32:12

Health: -5/75      AC:  7    Str: 16    XL:     9   Next: 40%
Magic:  15/15      EV: 14    Int: 11    God:    Okawaru [......]
Gold:   321        SH:  0    Dex: 14    Spells: 13/16 levels left

rFire    + . .     SeeInvis .   a - +0 quarterstaff
rCold    + . .     Faith    .   (shield currently unavailable)
rNeg     . . .     Spirit   .   (armour unavailable)
rPois    .         Reflect  .   b - +0 hat
rElec    .         Harm     .   C - scarf {rC+ rF+}
rCorr    .         Rampage  .   (no gloves)
Will     +....                  (no boots)
Stlth    ++........             L - amulet of regeneration
HPRegen  1.22/turn              w - +4 ring of slaying
MPRegen  0.14/turn              (no ring)

@: no status effects
A: breathe power, AC +7, unfitting armour, cold-blooded
a: Breathe Dispelling Energy, Renounce Religion


You were on level 8 of the Dungeon.
You worshipped Okawaru.
Okawaru was noncommittal.
You visited 2 branches of the dungeon, and saw 9 of its levels.
You also visited: Sewer.

You collected 321 gold pieces.

Inventory:

Hand Weapons
 a - a +0 quarterstaff (weapon)
 j - a +2 dagger of venom
 k - a +4 whip of electrocution
Missiles
 c - 2 throwing nets
 f - 329 stones
 v - 4 datura-tipped darts (quivered)
Armour
 b - a +0 hat (worn)
 C - a scarf of resistance (worn)
Magical Staves
 J - a staff of fire
Jewellery
 w - a +4 ring of slaying (left hand)
 G - an amulet of the acrobat
 L - an amulet of regeneration (around neck)
Wands
 y - a wand of charming (9)
 B - a wand of flame (35)
Scrolls
 e - 15 scrolls of identify {unknown}
 g - 2 scrolls of enchant armour {unknown}
 h - a scroll of immolation {unknown}
 m - 4 scrolls of teleportation {unknown}
 o - a scroll of fear {unknown}
 t - 3 scrolls of fog {unknown}
 x - 3 scrolls of amnesia {unknown}
 z - a scroll of summoning {unknown}
 H - a scroll of vulnerability {unknown}
 I - a scroll of holy word {unknown}
 K - a scroll of torment {unknown}
 M - 2 scrolls of magic mapping {unknown}
Potions
 d - a potion of mutation {unknown}
 i - 2 potions of berserk rage {unknown}
 l - 4 potions of curing {unknown}
 p - 4 potions of flight {unknown}
 q - 3 potions of heal wounds {unknown}
 r - 2 potions of might {unknown}
 s - 3 potions of brilliance {unknown}
 A - a potion of magic {unknown}
 D - a potion of invisibility {unknown}
 E - a potion of ambrosia {unknown}
 F - a potion of attraction {unknown}


   Skills:
 + Level 5.7 Fighting
 + Level 8.5 Staves
 + Level 3.5 Throwing
 + Level 4.9 Dodging
 + Level 3.2 Stealth
 + Level 4.0 Spellcasting
 + Level 4.1 Hexes
 * Level 1.7 Invocations


You had 13 spell levels left.
You knew the following spells:

 Your Spells              Type           Power      Damage    Failure   Level
a - Confusing Touch       Hex            11%        N/A       13%         3

Your spell library contained the following spells:

 Spells                   Type           Power      Damage    Failure   Level
 Summon Small Mammal      Summ           8%         N/A       24%         1
 Summon Guardian Golem    Hex/Summ       6%         N/A       30%         3
 Call Imp                 Summ           2%         N/A       34%         2
 Call Canine Familiar     Summ           2%         N/A       56%         3
 Gell's Gravitas          Tloc           1%         N/A       56%         3
 Petrify                  Tmut/Erth      2%         N/A       93%         4
 Summon Ice Beast         Ice/Summ       2%         N/A       93%         4
 Summon Lightning Spire   Summ/Air       2%         N/A       93%         4
 Metabolic Englaciation   Hex/Ice        3%         N/A       96%         5
 Yara's Violent Unravell  Hex/Tmut       3%         3d4       96%         5


Dungeon Overview and Level Annotations

Branches:
Dungeon (8/15)             Temple (1/1) D:7           Sewer (visited)
   Lair: D:8-11

Altars:
Ashenzari
Cheibriados
Dithmenos
Elyvilon
Fedhas
Gozag
Hepliaklqana
Kikubaaqudgha
Makhleb
Nemelex Xobeh
Okawaru
Qazlal
Ru
Sif Muna
Trog
Uskayaw
Vehumet
Wu Jian
Xom
Yredelemnul
Zin
The Shining One

Shops:
D:3 [

Annotations:
D:5 3 runed translucent doors, exclusions: 5 doors and ogre, Kuinu's ghost, novice KoBr
D:7 2 transporters, Joseph; senseless's ghost, novice DsBe


Innate Abilities, Weirdness & Mutations

You can breathe bolts of dispelling energy.
Your rich purple scales are hard. (AC +7)
You cannot fit into any form of body armour.
You are cold-blooded and may be slowed by cold attacks.


Message History

Press: ? - help, Q - select action, (/) - cycle Shift-Dir - straight line, f/p - two-headed ogre
Aim: a two-headed ogre, wielding two +0 giant clubs (lightly wounded, 79% to hit, chance to frenzy on hit: 3%)
You throw a datura-tipped dart.
The datura-tipped dart completely misses the two-headed ogre.
Found a helmet.
Throw: 4 darts (datura)
Press: ? - help, Q - select action, (/) - cycle Shift-Dir - straight line, f/p - two-headed ogre
Aim: a two-headed ogre, wielding two +0 giant clubs (lightly wounded, 79% to hit, chance to frenzy on hit: 3%)
Okay, then.
You hit the two-headed ogre.
Your tail-slap misses the two-headed ogre.
The two-headed ogre is moderately wounded.
The two-headed ogre hits you with a +0 giant club!
The two-headed ogre misses you.
You hit the two-headed ogre but do no damage.
You tail-slap the two-headed ogre.
The two-headed ogre is moderately wounded.
You thump the two-headed ogre! You tail-slap the two-headed ogre.
The two-headed ogre is severely wounded.
The two-headed ogre hits you with a +0 giant club!!
The two-headed ogre misses you.
You hit the two-headed ogre.
The two-headed ogre is severely wounded.
The two-headed ogre misses you. The two-headed ogre closely misses you.
You barely miss the two-headed ogre.
The two-headed ogre is severely wounded.
You barely miss the two-headed ogre.
The two-headed ogre is severely wounded.
The two-headed ogre misses you. The two-headed ogre barely misses you.
You hit the two-headed ogre.
The two-headed ogre is severely wounded.
The two-headed ogre closely misses you.
The two-headed ogre hits you with a +0 giant club!!
* * * LOW HITPOINT WARNING * * *
You completely miss the two-headed ogre.
The two-headed ogre is severely wounded.
You sock the two-headed ogre!
The two-headed ogre is almost dead.
The two-headed ogre hits you with a +0 giant club!!
You die...

.......##
............#.........
........#
#...........#.........
........##
#...........#..#......
.........#
#[............##......
.........#
#............###....#
.........####...........##
#....#
..........##............#
##..##
..........##...........##
#.##
..........##....@O.....#
###
..........##......#....#
...........####...##...#
............+_#...#..###
..........#####...#..#
.........###........##
........## #........#
#######..###.......##
###.##...#...#


You could see a two-headed ogre.

Vanquished Creatures
  A wyvern (D:7)
  2 steam dragons
  Menkaure (D:5)
  An ice beast (D:4)
  An orc warrior (D:7)
  3 black bears
  3 ogres
  A phantom (D:5)
  A bullfrog (D:8)
  Blork the orc (D:4)
  3 kobold brigands
  A wyvern zombie (D:6)
  2 scorpions
  A crimson imp (D:6)
  A centaur zombie (D:5)
  A hound (D:5)
  2 jellies
  3 orc priests
  A bullfrog skeleton (D:6)
  A centaur skeleton (D:6)
  Ijyb (D:3)
  3 iguanas
  8 orc wizards
  Natasha (thrice) (D:4 D:5)
  A hound zombie (D:5)
  Robin (D:2)
  5 adders
  2 river rats (Sewer)
  2 shadow imps (D:5)
  2 white imps
  A worm (D:2)
  4 dart slugs
  12 orcs
  15 ball pythons
  3 endoplasms
  3 giant cockroaches
  15 goblins
  7 hobgoblins
  6 jackals
  20 kobolds
  4 quokkas
  8 bats
  7 frilled lizards
  A quokka skeleton (D:4)
  29 rats
194 creatures vanquished.

Notes
Turn   | Place    | Note
-------+----------+-------------------------------------------
     0 | D:1      | st0uf the Draconian Gladiator began the quest for the Orb.
     0 | D:1      | Reached XP level 1. HP: 17/17 MP: 1/1
   467 | D:1      | Reached XP level 2. HP: 21/24 MP: 2/2
  1037 | D:2      | Reached XP level 3. HP: 28/30 MP: 3/3
  1599 | D:2      | Noticed Robin
  1623 | D:2      | Killed Robin
  1624 | D:2      | Reached skill level 4 in Staves
  1668 | D:2      | Reached XP level 4. HP: 21/37 MP: 4/4
  2109 | D:3      | Found a glowing drain.
  2174 | Sewer    | Entered a sewer
  2851 | Sewer    | Reached XP level 5. HP: 45/45 MP: 5/5
  2882 | Sewer    | Reached skill level 5 in Staves
  3059 | Sewer    | Reached XP level 6. HP: 10/52 MP: 6/6
  3588 | D:3      | Found Jeitosig's Antique Armour Boutique.
  3935 | D:3      | Noticed Ijyb
  3950 | D:3      | Killed Ijyb
  3951 | D:3      | Reached skill level 1 in Stealth
  4224 | D:4      | Noticed an ice beast
  4229 | D:4      | Killed an ice beast
  4513 | D:4      | Reached skill level 6 in Staves
  4552 | D:4      | Noticed Natasha
  4564 | D:4      | Killed Natasha
  4565 | D:4      | Your scales start taking on a rich purple colour.
  4565 | D:4      | Reached XP level 7. HP: 46/59 MP: 7/7
  4569 | D:4      | Learned a level 3 spell: Confusing Touch
  4581 | D:4      | Noticed Natasha
  4655 | D:4      | Noticed Blork the orc
  4676 | D:4      | Killed Blork the orc
  5340 | D:5      | Entered Level 5 of the Dungeon
  5405 | D:5      | Reached skill level 1 in Spellcasting
  5405 | D:5      | Reached skill level 1 in Hexes
  5836 | D:5      | Reached XP level 8. HP: 67/67 MP: 10/10
  5845 | D:5      | Found a runed translucent gate.
  5845 | D:5      | Found a runed translucent gate.
  5845 | D:5      | Found a runed translucent gate.
  5848 | D:5      | Noticed Kuinu's ghost (novice KoBr)
  6610 | D:5      | Noticed Menkaure
  6693 | D:5      | Killed Natasha
  6902 | D:5      | Noticed Natasha
  6910 | D:5      | Killed Natasha
  6920 | D:5      | Reached skill level 7 in Staves
  7247 | D:5      | Killed Menkaure
  8328 | D:6      | Reached skill level 5 in Fighting
  8514 | D:6      | Reached skill level 8 in Staves
  8627 | D:6      | Reached XP level 9. HP: 68/74 MP: 14/14
  8720 | D:7      | Found a staircase to the Ecumenical Temple.
  8727 | Temple   | Entered the Ecumenical Temple
  8769 | Temple   | Became a worshipper of Warmaster Okawaru
  8807 | D:7      | Found a transporter.
  8810 | D:7      | Noticed a moth of wrath
  8810 | D:7      | Noticed senseless's ghost (novice DsBe)
  8810 | D:7      | Noticed a catoblepas
  8823 | D:7      | Found a transporter.
  9048 | D:7      | Noticed Joseph
  9573 | D:8      | Reached skill level 1 in Invocations
  9816 | D:8      | Found a broken altar of Ashenzari.
  9855 | D:8      | Noticed a two-headed ogre
  9889 | D:8      | Slain by a two-headed ogre

Illustrated notes

Levels and vault maps discovered:
D:1:      kilobyte_arrival_exit_the_forest, layout_rooms
D:2:      layout_loops_corners, uniq_robin
D:3:      layout_loops_corners, portal_sewer_entry_f, serial_shops, shop,
          uniq_ijyb
D:4:      layout_layer_cave, kennysheep_small_spiral, uniq_natasha,
          uniq_blork_the_orc
D:5:      layout_loops_corners, ebering_ghost_rock_garden, uniq_menkaure
D:6:      layout_basic, minmay_fire_ice_demons
D:7:      layout_basic, minmay_temple_entry_statues_pillars, serial_glass,
          glass_columns_a, glass_columns_a, gammafunk_ghost_berserking_beasts,
          moated_statue, uniq_joseph
D:8:      layout_cave_pods, ashenzari_conservatory_becter
Temple:   nicolae_temple_the_god_donut

Skill      XL: |  1  2  3  4  5  6  7  8  9 |
---------------+----------------------------+-----
Dodging        | 3 4 |  4.9
Staves         | 4 5 6 8 |  8.5
Fighting       | 3 4 5 |  5.7
Stealth        | 1 2 3 |  3.2
Throwing       | 2 3 |  3.5
Spellcasting   | 1 3 4 |  4.0
Hexes          | 2 3 4 |  4.1
Invocations    | 1 |  1.7

Action                   |  1- 3 |  4- 6 |  7- 9 || total
-------------------------+-------+-------+-------++-------
Melee: Quarterstaff      |   100 |   192 |   274 ||   566
       Tailslap          |    10 |    13 |    44 ||    67
Throw: Boomerang         |       |    14 |       ||    14
       Dart              |       |     7 |    24 ||    31
       Throwing net      |       |     1 |       ||     1
 Cast: Confusing Touch   |       |       |     8 ||     8
 Abil: Breathe Dispellin |       |       |     2 ||     2
 Stab: Sleeping          |     1 |     2 |     4 ||     7
       Confused          |       |       |     3 ||     3
Armor: Skin              |    31 |    42 |    80 ||   153
Dodge: Dodged            |    56 |   127 |   180 ||   363

Table legend: (Time is in decaauts)
 A = Elapsed time spent in this place.
 B = Non-inter-level travel time spent in this place.
 C = Inter-level travel time spent in this place.
 D = Time resting spent in this place.
 E = Time spent auto-exploring this place.
 F = Levels seen in this place.
 G = Mean time per level.
                   A        B        C        D        E       F      G
               +--------+--------+--------+--------+--------+-----+--------+
         Total |   9917 |   9751 |    166 |   1699 |   5796 |  10 |  991.7 |
       Dungeon |   8703 |   8550 |    153 |   1243 |   5522 |   8 | 1087.9 |
        Temple |     56 |     43 |     13 |      0 |     38 |   1 |   56.0 |
         Sewer |   1157 |   1157 |      0 |    456 |    236 |   1 | 1157.0 |
               +--------+--------+--------+--------+--------+-----+--------+

Top non-repeatable levels by time:
     D:5: 2386 daAuts
   Sewer: 1157 daAuts
     D:4: 1143 daAuts
     D:2: 1108 daAuts
     D:1: 1016 daAuts
     D:3: 990 daAuts
     D:6: 883 daAuts
     D:7: 664 daAuts
     D:8: 510 daAuts
  Temple: 56 daAuts
